cohdb
Replays
Latest Replays
All Replays
Popular Replays
Top Player Replays
Match Explorer
How It Works
Community
CoH3 Stats
Reddit
Sign in to upload your games and track your stats! →
Sign in with Steam
Match 40001123
Unlisted
Match 40001123
Overview
Messages
Build Orders
End
Construct Infanterie Kompanie
Kettenkrad Recon Vehicle
Selects Terror Battlegroup
Selects Machine Gun Camouflage
MG 42 Machine Gun Team
MG 42 Machine Gun Team
Grenadier Squad
Grenadier Squad
Construct Panzergrenadier Kompanie
Panzergrenadier Squad
Selects Contempt for the Weak
Pioneer Squad
251 Medium Carrier
Pak 40 Anti-tank Gun Team
Construct Panzer Kompanie
Panzer IV Medium Tank
Selects Propaganda Leaflet Drop
Selects Defend the Fatherland
Panzer IV Medium Tank
Propaganda Leaflet Drop
Side Skirts
Panzer Officer Quarters
Spartako
GK-Jasus
Joker
Particycles
Sugar Scoot
CPU - VERY EASY
0
0
Comments
sign in to comment!
No comments posted yet!